BSA
AUSTIN RIVER SHARKS @ KALAMAZOO ROYALE WITH CHEESE
09/14/2026
 
TOP OF THE 1ST
Austin River Sharks batting - Pitching for Kalamazoo Royale with Cheese : LHP Lorenzo Sánchez
Pitching: LHP Lorenzo Sánchez
Batting: RHB Tyler Wagner 0-0: Ball
1-0: Foul Ball, location: 2F
1-1: Called Strike
1-2: Strikes out looking
Batting: RHB Orlando Bruno 0-0: Ball
1-0: Ground out 6-3 (Groundball, 6M)
Batting: RHB Kenneth Roberts 0-0: Called Strike
0-1: Ball
1-1: Foul Ball, location: 2F
1-2: Ground out 1-3 (Groundball, 15)
Top of the 1st over - 0 run(s), 0 hit(s), 0 error(s), 0 left on base; Austin 0 - Kalamazoo 0
BOTTOM OF THE 1ST
Kalamazoo Royale with Cheese batting - Pitching for Austin River Sharks : RHP Troy Lynn
Pitching: RHP Troy Lynn
Batting: RHB Fernando Martínez 0-0: Foul Ball, location: 2F
0-1: Swinging Strike
0-2: Strikes out swinging
Batting: LHB Robinson Fernández 0-0: Swinging Strike
0-1: Called Strike
0-2: Ball
1-2: Ball
2-2: Ball
3-2: Ground out 3-1 (Groundball, 34)
Batting: LHB William Ruffo 0-0: Called Strike
0-1: Called Strike
0-2: Ball
1-2: Ball
2-2: Foul Ball, location: 2F
2-2: Ball
3-2: Base on Balls
Batting: LHB Seung-woo Yi 0-0: Foul Ball, location: 2F
0-1: Swinging Strike
0-2: SINGLE (Line Drive, 8LS)
William Ruffo to second
Runner from 2nd tries for 3rd, OUT!
Bottom of the 1st over - 0 run(s), 1 hit(s), 0 error(s), 1 left on base; Austin 0 - Kalamazoo 0
TOP OF THE 2ND
Austin River Sharks batting - Pitching for Kalamazoo Royale with Cheese : LHP Lorenzo Sánchez
Batting: SHB Juan Castro 0-0: Called Strike
0-1: Called Strike
0-2: Ground out 6-3 (Groundball, 6)
Batting: LHB Pedro Zaragoza 0-0: Ball
1-0: Fly out, F9 (Flyball, 9D)
Batting: LHB Terry Maloney 0-0: Ball
1-0: Ball
2-0: Called Strike
2-1: Swinging Strike
2-2: Foul Ball, location: 2F
2-2: Ball
3-2: SINGLE (Groundball, 6M) (infield hit)
Batting: RHB Carlos Pérez 0-0: Fielders Choice at 2nd, 6-4 (Groundball, 6)
Top of the 2nd over - 0 run(s), 1 hit(s), 0 error(s), 0 left on base; Austin 0 - Kalamazoo 0
BOTTOM OF THE 2ND
Kalamazoo Royale with Cheese batting - Pitching for Austin River Sharks : RHP Troy Lynn
Batting: RHB Miguel Encarnación 0-0: Ball
1-0: Foul Ball, location: 2F
1-1: Ball
2-1: Ball
3-1: SINGLE (Line Drive, 6M)
Batting: RHB Arturo Rodríguez 0-0: Ball
1-0: Foul Ball, location: 2F
1-1: Called Strike
1-2: Foul Ball, location: 2F
1-2: Ball
2-2: Strikes out looking
Batting: LHB Juan Sánchez 0-0: Ball
1-0: Grounds into double play, 1-6-3 (Groundball, 15S)
Bottom of the 2nd over - 0 run(s), 1 hit(s), 0 error(s), 0 left on base; Austin 0 - Kalamazoo 0
TOP OF THE 3RD
Austin River Sharks batting - Pitching for Kalamazoo Royale with Cheese : LHP Lorenzo Sánchez
Batting: SHB John Miller 0-0: Ball
1-0: DOUBLE (Line Drive, 7LD)
Batting: LHB Bruno Lalonde 0-0: Ball
1-0: Ball
2-0: Called Strike
2-1: SINGLE (Line Drive, 89S)
John Miller to third
Batting: RHB Tyler Wagner 0-0: Called Strike
0-1: Swinging Strike
0-2: Strikes out looking
Bruno Lalonde is caught stealing 2nd base
Batter strikes out.
Batting: RHB Orlando Bruno 0-0: Called Strike
0-1: Foul Ball, location: 2F
0-2: Foul Ball, location: 2F
0-2: Ball
1-2: Fly out, F9 (Flyball, 89M)
Top of the 3rd over - 0 run(s), 2 hit(s), 0 error(s), 1 left on base; Austin 0 - Kalamazoo 0
BOTTOM OF THE 3RD
Kalamazoo Royale with Cheese batting - Pitching for Austin River Sharks : RHP Troy Lynn
Batting: RHB Jorge Márquez 0-0: Called Strike
0-1: Called Strike
0-2: Foul Ball, location: 2F
0-2: Ball
1-2: Ground out 4-3 (Groundball, 4)
Batting: RHB Andy Aiton 0-0: Called Strike
0-1: Foul Ball, location: 2F
0-2: Ball
1-2: Ball
2-2: DOUBLE (Flyball, 89XD)
Batting: RHB Fernando Martínez 0-0: Ball
1-0: Ball
2-0: Called Strike
2-1: Swinging Strike
2-2: Ball
3-2: Strikes out swinging
Batting: LHB Robinson Fernández 0-0: Ball
1-0: Ball
2-0: Ground out U3 (Groundball, 3)
Bottom of the 3rd over - 0 run(s), 1 hit(s), 0 error(s), 1 left on base; Austin 0 - Kalamazoo 0
TOP OF THE 4TH
Austin River Sharks batting - Pitching for Kalamazoo Royale with Cheese : LHP Lorenzo Sánchez
Batting: RHB Kenneth Roberts 0-0: Foul Ball, location: 2F
0-1: Ground out 5-3 (Groundball, 5)
Batting: SHB Juan Castro 0-0: Called Strike
0-1: Foul Ball, location: 2F
0-2: Strikes out looking
Batting: LHB Pedro Zaragoza 0-0: Called Strike
0-1: Swinging Strike
0-2: Ball
1-2: Ball
2-2: Ball
3-2: Strikes out swinging
Top of the 4th over - 0 run(s), 0 hit(s), 0 error(s), 0 left on base; Austin 0 - Kalamazoo 0
BOTTOM OF THE 4TH
Kalamazoo Royale with Cheese batting - Pitching for Austin River Sharks : RHP Troy Lynn
Batting: LHB William Ruffo 0-0: Foul Ball, location: 2F
0-1: Ball
1-1: Ball
2-1: Ball
3-1: Base on Balls
Batting: LHB Seung-woo Yi 0-0: Called Strike
0-1: Ball
1-1: Ball
2-1: Grounds into double play, 6-4-3 (Groundball, 6)
Batting: RHB Miguel Encarnación 0-0: Called Strike
0-1: Foul Ball, location: 2F
0-2: Foul Ball, location: 2F
0-2: Ball
1-2: Ball
2-2: Fly out, F9 (Flyball, 89D)
Bottom of the 4th over - 0 run(s), 0 hit(s), 0 error(s), 0 left on base; Austin 0 - Kalamazoo 0
TOP OF THE 5TH
Austin River Sharks batting - Pitching for Kalamazoo Royale with Cheese : LHP Lorenzo Sánchez
Batting: LHB Terry Maloney 0-0: Ball
1-0: Ground out 1-3 (Groundball, 13S)
Batting: RHB Carlos Pérez 0-0: Foul Ball, location: 2F
0-1: Ground out 5-3 (Groundball, 5)
Batting: SHB John Miller 0-0: Fly out, F8 (Line Drive, 8LXD)
Top of the 5th over - 0 run(s), 0 hit(s), 0 error(s), 0 left on base; Austin 0 - Kalamazoo 0
BOTTOM OF THE 5TH
Kalamazoo Royale with Cheese batting - Pitching for Austin River Sharks : RHP Troy Lynn
Batting: RHB Arturo Rodríguez 0-0: Called Strike
0-1: Reached on error, E2 (Groundball, 23)
Batting: LHB Juan Sánchez 0-0: Called Strike
0-1: Foul Ball, location: 2F
0-2: Strikes out swinging
Batting: RHB Jorge Márquez 0-0: Ball
1-0: Ball
2-0: Called Strike
2-1: SINGLE (Groundball, 2R) (infield hit)
Arturo Rodríguez to third
Batting: RHB Andy Aiton 0-0: Ball
1-0: Ball
2-0: Called Strike
2-1: Foul Ball, location: 2F
2-2: SINGLE (Groundball, 5)
Arturo Rodríguez scores
Jorge Márquez to second
Batting: RHB Fernando Martínez 0-0: Called Strike
0-1: Ball
1-1: Ball
2-1: Ball
3-1: Base on Balls
Jorge Márquez to third
Andy Aiton to second
Batting: LHB Robinson Fernández 0-0: Ball
1-0: Fly out, F8 (Line Drive, 8LM)
Runner from 3rd tags up, SCORES, throw made
Batting: LHB William Ruffo 0-0: Ball
1-0: Foul Ball, location: 2F
1-1: Called Strike
1-2: Foul Ball, location: 2F
1-2: Ground out 4-3 (Groundball, 4)
Bottom of the 5th over - 2 run(s), 2 hit(s), 1 error(s), 2 left on base; Austin 0 - Kalamazoo 2
TOP OF THE 6TH
Austin River Sharks batting - Pitching for Kalamazoo Royale with Cheese : LHP Lorenzo Sánchez
Batting: LHB Bruno Lalonde 0-0: Called Strike
0-1: SINGLE (Line Drive, 6D)
Batting: RHB Tyler Wagner 0-0: Swinging Strike
0-1: Fielders Choice at 2nd, 2-6 (Groundball, 2R)
Batting: RHB Orlando Bruno 0-0: Ball
1-0: SINGLE (Groundball, 2L) (infield hit)
Tyler Wagner to second
Batting: RHB Kenneth Roberts 0-0: Foul Ball, location: 2F
0-1: Foul Ball, location: 2F
0-2: Grounds into double play, 6-4-3 (Groundball, 6)
Top of the 6th over - 0 run(s), 2 hit(s), 0 error(s), 1 left on base; Austin 0 - Kalamazoo 2
BOTTOM OF THE 6TH
Kalamazoo Royale with Cheese batting - Pitching for Austin River Sharks : RHP Troy Lynn
Pitching: RHP Ricardo Sánchez
Batting: LHB Seung-woo Yi 0-0: Ball
1-0: Called Strike
1-1: Foul Ball, location: 2F
1-2: Ball
2-2: Foul Ball, location: 2F
2-2: Strikes out swinging
Batting: RHB Miguel Encarnación 0-0: Foul Ball, location: 2F
0-1: DOUBLE (Line Drive, 7LS)
Batting: RHB Arturo Rodríguez 0-0: Ball
1-0: Swinging Strike
1-1: Foul Ball, location: 2F
1-2: Ball
2-2: Ball
3-2: Foul Ball, location: 2F
3-2: Ground out 1-3 (Groundball, 13S)
Miguel Encarnación to third
Batting: LHB Juan Sánchez 0-0: Ball
1-0: Fly out, F8 (Flyball, 8RM)
Bottom of the 6th over - 0 run(s), 1 hit(s), 0 error(s), 1 left on base; Austin 0 - Kalamazoo 2
TOP OF THE 7TH
Austin River Sharks batting - Pitching for Kalamazoo Royale with Cheese : LHP Lorenzo Sánchez
Batting: SHB Juan Castro 0-0: Ball
1-0: Foul Ball, location: 2F
1-1: Foul Ball, location: 2F
1-2: Hit by Pitch
Batting: LHB Pedro Zaragoza 0-0: Ball
1-0: Ground out U3 (Groundball, 3S)
Juan Castro to second
Batting: LHB Terry Maloney 0-0: Ball
1-0: Fly out, F7 (Line Drive, 7M)
Batting: RHB Carlos Pérez 0-0: Called Strike
0-1: Fly out, F2 (Popup, 23F)
Top of the 7th over - 0 run(s), 0 hit(s), 0 error(s), 1 left on base; Austin 0 - Kalamazoo 2
BOTTOM OF THE 7TH
Kalamazoo Royale with Cheese batting - Pitching for Austin River Sharks : RHP Ricardo Sánchez
Batting: RHB Jorge Márquez 0-0: Ball
1-0: Called Strike
1-1: Ball
2-1: Foul Ball, location: 2F
2-2: Fly out, F4 (Popup, 34D)
Batting: RHB Andy Aiton 0-0: Ball
1-0: Foul Ball, location: 2F
1-1: Foul Ball, location: 2F
1-2: Ball
2-2: Ball
3-2: Base on Balls
Pitching: RHP Tatsuzo Harada
Batting: RHB Fernando Martínez 0-0: Called Strike
0-1: Ball
1-1: Foul Ball, location: 2F
1-2: 2-RUN HOME RUN (Flyball, 78XD), Distance : 431 ft
Batting: LHB Robinson Fernández 0-0: Ball
1-0: Fly out, F8 (Flyball, 8LXD)
Batting: LHB William Ruffo 0-0: Ball
1-0: Ball
2-0: Ground out 4-3 (Groundball, 34)
Bottom of the 7th over - 2 run(s), 1 hit(s), 0 error(s), 0 left on base; Austin 0 - Kalamazoo 4
TOP OF THE 8TH
Austin River Sharks batting - Pitching for Kalamazoo Royale with Cheese : LHP Lorenzo Sánchez
Batting: SHB John Miller 0-0: Ball
1-0: Foul Ball, location: 2F
1-1: Ground out 6-3 (Groundball, 6M)
Batting: LHB Bruno Lalonde 0-0: Ball
1-0: Ball
2-0: Ball
3-0: Base on Balls
Batting: RHB Tyler Wagner 0-0: Ball
1-0: Ball
2-0: Grounds into double play, 6-4-3 (Groundball, 6)
Top of the 8th over - 0 run(s), 0 hit(s), 0 error(s), 0 left on base; Austin 0 - Kalamazoo 4
BOTTOM OF THE 8TH
Kalamazoo Royale with Cheese batting - Pitching for Austin River Sharks : RHP Tatsuzo Harada
Batting: LHB Seung-woo Yi 0-0: Ball
1-0: Called Strike
1-1: Foul Ball, location: 2F
1-2: Fly out, F8 (Popup, 8LS)
Batting: RHB Miguel Encarnación 0-0: Swinging Strike
0-1: Ball
1-1: Swinging Strike
1-2: Ball
2-2: Foul Ball, location: 2F
2-2: Ball
3-2: Base on Balls
Batting: RHB Arturo Rodríguez 0-0: Ball
Miguel Encarnación steals 2nd base
1-0: Intentional Walk
Batting: LHB Juan Sánchez 0-0: Called Strike
Miguel Encarnación steals 3rd base
Arturo Rodríguez to second
0-1: Called Strike
0-2: Ball
1-2: Ball
2-2: Ball
3-2: Fly out, F9 (Flyball, 9D)
Runner from 3rd tags up, SCORES, no throw
Batting: RHB Jorge Márquez 0-0: Called Strike
0-1: Swinging Strike
0-2: Strikes out swinging
Bottom of the 8th over - 1 run(s), 0 hit(s), 0 error(s), 1 left on base; Austin 0 - Kalamazoo 5
TOP OF THE 9TH
Austin River Sharks batting - Pitching for Kalamazoo Royale with Cheese : LHP Lorenzo Sánchez
Batting: RHB Orlando Bruno 0-0: Ball
1-0: Ball
2-0: Ground out 4-3 (Groundball, 4)
Pitching: RHP Fergus Wakeford
Batting: RHB Kenneth Roberts 0-0: Called Strike
0-1: Ball
1-1: Ball
2-1: Swinging Strike
2-2: Foul Ball, location: 2F
2-2: Ball
3-2: DOUBLE (Line Drive, 78M)
Batting: SHB Juan Castro 0-0: Ground out 4-3 (Groundball, 34)
Kenneth Roberts to third
Batting: LHB Pedro Zaragoza 0-0: Ball
1-0: Ground out 4-3 (Groundball, 4)
Top of the 9th over - 0 run(s), 1 hit(s), 0 error(s), 1 left on base; Austin 0 - Kalamazoo 5
Monday, December 5th, 2016 - OOTP Baseball 17.12 Build 75